 Dungeon Crawl Stone Soup version 0.14-a0-2091-gca92d1a (webtiles) character file.

4889 RedPan the Conjurer (level 10, -5/50 HPs)
             Began as a Deep Elf Wizard on Jan 25, 2014.
             Was an Elder of Vehumet.
             Slain by an unseen horror (12 damage)
             ... on Level 10 of the Dungeon.
             The game lasted 01:01:04 (11236 turns).

RedPan the Conjurer (Deep Elf Wizard)              Turns: 11236, Time: 01:01:04

HP  -5/50        AC  9     Str  7      XL: 10   Next: 14%
MP  35/44        EV 17     Int 24      God: Vehumet [****..]
Gold 470         SH  0     Dex 13      Spells:  7 memorised,  4 levels left

rFire  + . .     SeeInvis .     w - staff of power
rCold  . . .     Clarity  .     a - +1 elf robe
rNeg   . . .     Conserve .     (no shield)
rPois  .         rCorr    .     b - +0 elf hat
rElec  .         rRot     .     C - +1 cloak
SustAb . .       Spirit   .     F - +0 pair of gloves
rMut   .         Warding  .     x - +2 pair of boots {run}
Saprov . . .     Stasis   .     (no amulet)
MR     +....                    (no ring)
                                k - ring of protection from fire

@: quick, somewhat resistant to hostile enchantments, fairly stealthy
A: no striking features
a: Renounce Religion


You were on level 10 of the Dungeon.
You worshipped Vehumet.
Vehumet was greatly pleased with you.
You were not hungry.

You visited 2 branches of the dungeon, and saw 11 of its levels.

You collected 512 gold pieces.
You spent 42 gold pieces at shops.

Inventory:

Hand weapons
 u - a +0,+2 orcish short sword of electrocution
Armour
 a - a +1 elven robe (worn)
 b - a +0 elven hat (worn)
 x - a +2 pair of boots of running (worn)
 C - a +1 cloak (worn)
 F - a +0 pair of gloves (worn)
Magical devices
 q - a wand of heal wounds (0)
 s - a wand of lightning (4)
Comestibles
 d - 6 bread rations
 f - 3 meat rations
 l - 2 chokos
 p - 2 apples
 L - a strawberry
 O - 2 pears
Scrolls
 g - 3 scrolls of identify
 h - a scroll of enchant armour
 i - a scroll of fog {unknown}
 j - 3 scrolls of enchant weapon II
 m - a scroll of magic mapping
 r - a scroll of enchant weapon I
 v - a scroll of recharging {unknown}
 E - a scroll of acquirement {unknown}
 H - a scroll of teleportation {unknown}
 K - a scroll of immolation {unknown}
 M - a scroll of random uselessness {unknown}
 S - a scroll of remove curse
Jewellery
 k - a ring of protection from fire (left hand)
 y - an uncursed ring of ice
 J - an uncursed amulet of guardian spirit
 T - a cursed -2 ring of strength {unknown}
Potions
 t - 2 potions of brilliance
 z - 4 potions of agility
 A - a potion of flight
 G - 2 potions of restore abilities {unknown}
 I - a potion of poison {unknown}
 Q - a potion of might {unknown}
 U - a potion of experience {unknown}
Books
 c - a book of Minor Magic

   Spells                             Type                      Level
   *Magic Dart                        Conjuration                  1
   *Blink                             Translocation                2
   *Call Imp                          Summoning                    2
   Repel Missiles                     Charms/Air                   2
   Slow                               Hexes                        2
   *Conjure Flame                     Conjuration/Fire             3
   *Mephitic Cloud                    Conjuration/Poison/Air       3
 N - a book of Party Tricks

   Spells                             Type                      Level
   Summon Butterflies                 Summoning                    1
   Apportation                        Translocation                1
   *Blink                             Translocation                2
   Alistair's Intoxication            Transmutation/Poison         4
   Tukima's Dance                     Hexes                        5
 P - a book of the Warp

   Spells                             Type                      Level
   Recall                             Summoning/Translocation      3
   Control Teleport                   Charms/Translocation         4
   Phase Shift                        Translocation                5
   Warp Weapon                        Charms/Translocation         5
   Dispersal                          Translocation                6
   Controlled Blink                   Translocation                7
   Disjunction                        Translocation                8
 R - a book of Burglary

   Spells                             Type                      Level
   Apportation                        Translocation                1
   Swiftness                          Charms/Air                   2
   Passwall                           Transmutation/Earth          3
   Passage of Golubria                Translocation                4
   Lee's Rapid Deconstruction         Earth                        5
   Darkness                           Hexes                        7
Magical staves
 o - an uncursed staff of death
 w - an uncursed staff of power (weapon)
 B - an uncursed staff of earth
Rods
 n - a +0 lightning rod (12/12)
   (You found it on level 8 of the Dungeon)


   Skills:
 * Level 9.5 Dodging
 - Level 2.4 Stealth
 - Level 6.1 Spellcasting
 + Level 9.6 Conjurations
 - Level 1.1 Summonings
 - Level 1.1 Translocations
 + Level 9.2 Fire Magic


You had 4 spell levels left.
You knew the following spells:

 Your Spells              Type           Power        Failure   Level  Hunger
a - Magic Dart            Conj           ####         1%          1    None
b - Blink                 Tloc           N/A          10%         2    None
c - Call Imp              Summ           ##........   10%         2    None
d - Mephitic Cloud        Conj/Pois/Air  ###.....     2%          3    #......
e - Conjure Flame         Conj/Fire      ######..     1%          3    #......
f - Searing Ray           Conj           ######       1%          2    None
g - Iskenderun's Mystic   Conj           ######..     1%          4    ###....


Dungeon Overview and Level Annotations

Branches:
Dungeon (10/16)            Temple (1/1) D:7
    Orc: D:9-12        Lair: D:8-11

Altars:
Ashenzari
Cheibriados
Dithmengos
Elyvilon
Fedhas
Kikubaaqudgha
Makhleb
Nemelex Xobeh
Okawaru
Sif Muna
Trog
Vehumet
Xom
Yredelemnul
Zin
The Shining One
Lugonu

Shops:
D:4 }   D:6 (   D:7 *

Annotations:
D:5 RedPan's ghost, experienced DEWz
D:7 wuxia's ghost, experienced DrTm


Message History

You feel better. Something hits you.
* * * LOW HITPOINT WARNING * * *
Something closely misses you.
Drink which item? (? for menu, Esc to quit)
You feel better. Something barely misses you. Something misses you.
You start resting.
You are starving!
You're too hungry to rest.
Eat which item? (? for menu, Esc to quit)
You continue eating.
You finish eating.
That meat ration really hit the spot!
You start resting.
Something hits you! Something hits you!
* * * LOW HITPOINT WARNING * * *
Something hits you.
* * * LOW HITPOINT WARNING * * *
Something hits you!
You die...

..........#.#..........##.#.#....
..........#.#.##.###......?.....#
..........#.#.##.#..........#....
..........#.####.#........#.#.#.#
.................................
..........#.####.#.....#.#..#.#..
..............##.......#....#.#..
..........#.#%#####.#..#......#..
..........#.#.#.@...#.......###..
..........#.#.#.#####..#.....##..
.................................
............#..####........#.##..
...........##...#................
##########.##...#.#........#.##.#
...........................#.##.#
##########.##...#%.......#.#.##.#
#.##...#........#.......


There were no monsters in sight!

Vanquished Creatures
  A hill giant (D:10)
  A troll (D:10)
  A steam dragon (D:10)
  3 ice beasts
  3 sky beasts
  A phantom (D:9)
  A black bear (D:8)
  2 orc warriors (D:9)
  2 ogres
  3 centaurs
  A water moccasin (D:9)
  4 giant frogs
  A gnoll sergeant (D:9)
  A cyclops zombie (D:9)
  5 killer bees (D:10)
  An electric eel (D:10)
  A jellyfish (D:10)
  3 wights (D:7)
  3 crimson imps
  A goliath beetle (D:4)
  4 orc priests
  2 quasits
  6 hounds
  2 jellies
  A centaur skeleton (D:6)
  A big fish (D:10)
  3 iguanas
  2 scorpions
  12 orc wizards
  3 worker ants
  An ogre skeleton (D:9)
  A hound skeleton (D:4)
  6 adders
  9 gnolls
  A giant centipede (D:8)
  A giant mite (D:9)
  4 worms
  An inept item mimic (D:9)
  An adder skeleton (D:5)
  A giant eyeball (D:10)
  5 giant geckos
  3 oozes
  25 orcs
  A ball python (D:2)
  12 bats
  3 giant cockroaches
  6 goblins
  14 hobgoblins
  14 jackals
  11 kobolds
  5 quokkas
  4 giant newts
  A giant spore (D:10)
  A goblin skeleton (D:4)
  A goblin zombie (D:5)
  A hobgoblin zombie (D:8)
  10 rats
  A rat zombie (D:5)
219 creatures vanquished.

Vanquished Creatures (collateral kills)
  A crimson imp (D:7)
  A hound (D:6)
  A killer bee zombie (D:7)
3 creatures vanquished.

Grand Total: 222 creatures vanquished

Notes
Turn   | Place    | Note
--------------------------------------------------------------
     0 | D:1      | RedPan, the Deep Elf Wizard, began the quest for the Orb.
     0 | D:1      | Reached XP level 1. HP: 10/10 MP: 6/6
   293 | D:1      | Reached XP level 2. HP: 15/15 MP: 3/9
   297 | D:1      | Learned a level 2 spell: Blink
   300 | D:1      | Learned a level 2 spell: Call Imp
   901 | D:2      | Reached XP level 3. HP: 19/19 MP: 10/12
   906 | D:2      | Learned a level 3 spell: Mephitic Cloud
  1405 | D:3      | Found a radiant altar of Vehumet.
  1409 | D:3      | Found a shattered altar of Ashenzari.
  1414 | D:3      | Became a worshipper of Vehumet
  1514 | D:3      | Reached XP level 4. HP: 13/24 MP: 1/15
  1616 | D:3      | Reached skill level 5 in Conjurations
  1674 | D:3      | Reached XP level 5. HP: 28/28 MP: 8/18
  1916 | D:3      | Found a shadowy altar of Dithmengos.
  2257 | D:3      | Learned a level 3 spell: Conjure Flame
  2290 | D:3      | Found an ancient bone altar of Kikubaaqudgha.
  2290 | D:3      | Found a blossoming altar of Fedhas.
  2535 | D:3      | Reached skill level 1 in Fire Magic
  2886 | D:4      | Reached skill level 5 in Spellcasting
  2921 | D:4      | Acquired Vehumet's first power
  2921 | D:4      | Offered knowledge of Sting by Vehumet.
  3129 | D:4      | Found Duared's Gadget Shoppe.
  3397 | D:4      | Reached XP level 6. HP: 25/32 MP: 0/21
  3780 | D:5      | Entered Level 5 of the Dungeon
  3922 | D:5      | Noticed RedPan's ghost (experienced DEWz)
  4497 | D:5      | Reached skill level 6 in Conjurations
  4757 | D:6      | Found Kluts' Weapon Shoppe.
  4862 | D:6      | Found a basalt altar of Yredelemnul.
  5152 | D:6      | Reached XP level 7. HP: 33/36 MP: 23/23
  5711 | D:7      | Found a staircase to the Ecumenical Temple.
  5719 | Temple   | Entered the Ecumenical Temple
  5820 | D:7      | Noticed wuxia's ghost (experienced DrTm)
  5886 | D:6      | Reached skill level 5 in Fire Magic
  6117 | D:6      | Offered knowledge of Flame Tongue by Vehumet.
  6360 | D:7      | Found Hayg's Assorted Antiques.
  6367 | D:7      | Bought a pair of glowing boots for 42 gold pieces
  6368 | D:7      | Identified a +2 pair of boots of running (You bought it in a shop on level 7 of the Dungeon)
  6484 | D:7      | Reached skill level 7 in Conjurations
  6484 | D:7      | Reached XP level 8. HP: 41/41 MP: 25/25
  6613 | D:7      | Found a shimmering altar of Xom.
  6625 | D:7      | Found a white marble altar of Elyvilon.
  7213 | D:8      | Reached skill level 5 in Dodging
  7565 | D:8      | Found a deep blue altar of Sif Muna.
  7673 | D:8      | Offered knowledge of Searing Ray by Vehumet.
  7680 | D:8      | Learned a level 2 spell: Searing Ray
  7769 | D:8      | Found a burning altar of Makhleb.
  7769 | D:8      | Noticed a cacodemon
  7772 | D:8      | Found a glowing silver altar of Zin.
  7772 | D:8      | Noticed an angel
  7821 | D:8      | Reached skill level 8 in Conjurations
  7956 | D:8      | Reached XP level 9. HP: 45/45 MP: 26/26
  8149 | D:9      | Acquired Vehumet's second power
  8935 | D:9      | Offered knowledge of Iskenderun's Mystic Blast by Vehumet.
  8943 | D:9      | Learned a level 4 spell: Iskenderun's Mystic Blast
  9481 | D:10     | Entered Level 10 of the Dungeon
  9485 | D:10     | Noticed a hill giant
  9493 | D:10     | Killed a hill giant
  9493 | D:10     | Reached skill level 9 in Conjurations
 10116 | D:10     | Reached XP level 10. HP: 28/50 MP: 28/28
 10659 | D:10     | Acquired Vehumet's third power
 11059 | D:10     | Offered knowledge of Static Discharge by Vehumet.
 11236 | D:10     | Slain by an unseen horror

Action                   |  1- 3 |  4- 6 |  7- 9 | 10-12 || total
-------------------------+-------+-------+-------+-------++-------
Melee: Unarmed           |     4 |       |       |       ||     4
       Dagger            |     2 |       |       |       ||     2
       Short sword       |       |     1 |       |       ||     1
       Staff             |       |       |     7 |    12 ||    19
 Cast: Magic Dart        |    89 |   250 |   394 |    33 ||   766
       Mephitic Cloud    |     1 |     6 |    26 |     3 ||    36
       Blink             |       |     1 |     2 |       ||     3
       Call Imp          |       |     2 |     5 |       ||     7
       Searing Ray       |       |       |    30 |    12 ||    42
       Iskenderun's Myst |       |       |    13 |    20 ||    33
Evoke: Wand              |       |     1 |     1 |     3 ||     5
  Use: Scroll            |       |     8 |     6 |     2 ||    16
       Potion            |       |       |     3 |     5 ||     8
 Stab: Confused          |     2 |       |       |       ||     2
